 Dungeon Crawl Stone Soup version 0.19.0-11-g3fc08b3 (webtiles) character file.

382 Jerry the Charmwright (level 6, -5/32 HPs)
             Began as a Vine Stalker Skald on Nov 9, 2016.
             Slain by an ogre
             ... wielding a +0 giant club
              (14 damage)
             ... on level 4 of the Dungeon.
             The game lasted 00:13:15 (2895 turns).

Jerry the Charmwright (Vine Stalker Skald)          Turns: 2895, Time: 00:13:16

Health: -5/32      AC: 20    Str: 17    XL:     6   Next: 76%
Magic:  0/10       EV:  5    Int: 12    God:
Gold:   192        SH:  0    Dex: 13    Spells: 2 memorised, 5 levels left

rFire  . . .     SeeInvis .     n - +2 dagger (holy)
rCold  . . .     Gourm    .     j - +1 plate armour {MR+}
rNeg   . . .     Faith    .     (no shield)
rPois  +         Spirit   +     (no helmet)
rElec  .         Reflect  .     s - +2 cloak
rCorr  .         Harm     .     (no gloves)
MR     +....                    (no boots)
Stlth  ..........               (no amulet)
                                r - +5 ring of protection
                                h - ring of poison resistance

@: no status effects
A: fangs 2, regeneration 1, magic shield, antimagic bite, no device heal 3, rot
immunity
a: no special abilities


You were on level 4 of the Dungeon.
You were hungry.

You visited 1 branch of the dungeon, and saw 4 of its levels.

You collected 192 gold pieces.

Inventory:

Hand Weapons
 n - a +2 dagger of holy wrath (weapon)
Armour
 b - a +0 leather armour
 j - a +1 plate armour of magic resistance (worn)
 s - a +2 cloak (worn)
Jewellery
 h - a ring of poison resistance (left hand)
 r - a +5 ring of protection (right hand)
Wands
 q - a wand of heal wounds (3/9)
Scrolls
 a - a scroll of amnesia {unknown}
 e - a scroll of magic mapping {unknown}
 f - 4 scrolls of identify
 l - a scroll of enchant armour {unknown}
 m - a scroll of fog {unknown}
Potions
 i - a potion of invisibility
 k - a potion of brilliance {unknown}
 o - 2 potions of lignification {unknown}
 p - a potion of curing {unknown}
Books
 c - a book of Battle

   Spells                             Type                      Level
   a - Infusion                       Charms                       1
   b - Shroud of Golubria             Charms/Translocation         2
   c - Song of Slaying                Charms                       2
   d - Spectral Weapon                Hexes/Charms                 3
   e - Regeneration                   Charms/Necromancy            3
Comestibles
 d - a bread ration
 g - 4 slices of pizza
 t - a meat ration


   Skills:
 + Level 3.3 Fighting
 - Level 3.1 Short Blades
 + Level 2.6 Armour
 - Level 1.0 Dodging
 - Level 2.1 Spellcasting
 - Level 4.0 Charms
 + Level 2.4 Necromancy


You had 5 spell levels left.
You knew the following spells:

 Your Spells              Type           Power        Failure   Level  Hunger
a - Infusion              Chrm           ##..         100%        1    ##.....
b - Regeneration          Chrm/Necr      #.........   100%        3    ####...


Dungeon Overview and Level Annotations

Branches:
Dungeon (4/15)
 Temple: D:4-7

Altars:
Elyvilon


Innate Abilities, Weirdness & Mutations

You have extremely sharp teeth.
Your natural rate of healing is unusually fast.
When hurt, damage is shared between your health and your magic reserves.
Your bite disrupts and absorbs the magic of your enemies.
Potions and wands cannot restore your health.
You are immune to rotting.


Message History

The ogre is moderately wounded.
The ogre hits you with a giant club!
You hit the ogre.
The ogre is moderately wounded.
You hit the ogre. You bite the ogre, but do no damage.
The ogre is heavily wounded.
The ogre hits you with a giant club!
You hit the ogre. Your bite misses the ogre.
The ogre is heavily wounded.
The ogre barely misses you.
You hit the ogre. You bite the ogre. You drain its power.
You feel invigorated.
The ogre is severely wounded.
You hit the ogre.
The ogre is almost dead.
The ogre hits you with a giant club!
* * * LOW HITPOINT WARNING * * *
You hit the ogre. Your bite misses the ogre.
The ogre is almost dead.
The ogre hits you with a giant club!!
You die...

#### #################
.... ....#...#......#.
... ....#...#......#.
#.. #...#...'......#.
#..##...#...#.....##.
#...#...#######'####.
#..O@...##..##....##.
+...##..<##..#........
##+ #...##..#........
#.......##....##.
#.......##....##.
#.......'.....#..
#...######..<.#..
##...##..##....##.
#....#...##....##.


You could see an ogre.

Vanquished Creatures
  A phantom (D:4)
  A bullfrog (D:4)
  A jelly (D:4)
  Ijyb (D:2)
  7 adders
  A shadow imp (D:4)
  An ooze (D:3)
  6 worms
  3 dart slugs
  3 leopard geckos
  A ball python (D:1)
  2 giant cockroaches (D:3)
  10 goblins
  2 hobgoblins
  6 jackals
  9 kobolds
  A quokka (D:4)
  4 bats
  13 frilled lizards
  A jackal skeleton (D:4)
  12 rats
86 creatures vanquished.

Notes
Turn   | Place    | Note
-------+----------+-------------------------------------------
     0 | D:1      | Jerry the Vine Stalker Skald began the quest for the Orb.
     0 | D:1      | Reached XP level 1. HP: 11/11 MP: 4/4
    34 | D:1      | Reached skill level 1 in Armour
   271 | D:1      | Reached XP level 2. HP: 13/15 MP: 4/6
   401 | D:1      | Reached skill level 1 in Dodging
   781 | D:2      | Reached XP level 3. HP: 14/18 MP: 7/7
  1214 | D:2      | Noticed Ijyb
  1226 | D:2      | Killed Ijyb
  1226 | D:2      | Gained mutation: Your natural rate of healing is unusually fast. [Vine Stalker growth]
  1226 | D:2      | Reached XP level 4. HP: 23/23 MP: 0/8
  1390 | D:2      | Found a white marble altar of Elyvilon.
  1494 | D:2      | Learned a level 3 spell: Regeneration
  1635 | D:2      | Reached XP level 5. HP: 27/27 MP: 9/9
  2056 | D:3      | Reached skill level 1 in Necromancy
  2393 | D:3      | Reached skill level 4 in Charms
  2487 | D:4      | Noticed a phantom
  2521 | D:4      | Killed a phantom
  2521 | D:4      | Reached XP level 6. HP: 32/32 MP: 10/10
  2895 | D:4      | Slain by an ogre

Skill      XL: |  1  2  3  4  5  6 |
---------------+-------------------+-----
Armour         | 1 2 |  2.6
Dodging        | 1 |  1.0
Short Blades   | 2 3 |  3.1
Fighting       | 2 3 |  3.3
Necromancy     | 1 2 |  2.4
Charms         | 4 |  4.0
Spellcasting   | |  2.1

Action                   |  1- 3 |  4- 6 || total
-------------------------+-------+-------++-------
Melee: Short sword       |    13 |       ||    13
       Dagger            |    93 |   245 ||   338
       Bite              |    15 |    60 ||    75
 Cast: Infusion          |     3 |       ||     3
  Use: Scroll            |     3 |     1 ||     4
  Eat: Chunk             |     1 |     5 ||     6
Armor: Leather armour    |    36 |    29 ||    65
       Skin              |     2 |       ||     2
       Plate armour      |       |    40 ||    40
Dodge: Dodged            |    59 |    78 ||   137
